Map: Ley Lines

Players

SubN

  • Race: Zerg Zerg
  • League: Master
  • Spawn Location: 7:00

IronCmdr - Winner!

  • Race: Terran Terran
  • League: Diamond
  • Spawn Location: 1:00

VOD

Have the link to the VOD?

Description

Time

  • Played on: July 13, 2025, 5:24 p.m.
  • Length: 8:44
Show
View Real Time Build Order
Export as new Build Order

SubN Zerg 

Build Orders: Pool First 

Get SALT Encoding   

  12  0:00  Drone  
  13  0:12  Overlord  
  13  0:19  Drone  
  14  0:31  Drone x2  
  14  0:35  Drone  
  17  0:42  Extractor  
  16  0:47  Drone  
  17  0:51  Spawning Pool  
  17  0:56  Drone  
  17  1:06  Drone  
  18  1:20  Hatchery  
  17  1:26  Drone  
  18  1:41  Queen  
  18  1:44  Metabolic Boost  
  20  1:49  Overlord  
  20  1:55  Drone  
  20  2:00  Drone  
  22  2:08  Zergling x2  
  23  2:12  Zergling x2  
  25  2:22  Zergling x2  
  25  2:25  Queen  
  27  2:35  Extractor  
  26  2:44  Queen  
  25  2:47  Zergling x4  
  25  2:48  Drone x2  
  32  2:54  Overlord  
  32  2:59  Drone x2  
  32  3:05  Baneling Nest  
  33  3:15  Drone x4  
  36  3:40  Queen  
  38  3:42  Drone x5  
  42  3:54  Hatchery  
  41  4:00  Extractor  
  41  4:02  Lair  
  40  4:07  Drone x3  
  43  4:10  Extractor  
  43  4:11  Extractor  
  41  4:18  Drone x2  
  41  4:19  Overlord  
  41  4:20  Overlord  
  43  4:39  Drone x4  
  43  4:42  Drone x2  
  43  4:45  Overlord  
  49  5:06  Hydralisk Den  
  48  5:08  Roach Warren  
  47  5:15  Drone x4  
  47  5:16  Drone  
  47  5:17  Queen  
  47  5:18  Drone x8  
  47  5:21  Pneumatized Carapace  
  62  5:23  Centrifugal Hooks  
  62  5:25  Drone  
  63  5:44  Drone x2  
  63  5:46  Extractor  
  64  5:53  Glial Reconstitution, Muscular Augments  
  64  5:54  Evolution Chamber  
  64  5:55  Evolution Chamber  
  64  5:56  Drone x3  
  65  6:00  Overlord x3  
  65  6:03  Overseer x2  
  65  6:15  Overlord x2  
  65  6:17  Spore Crawler  
  64  6:19  Zerg Missile Weapons Level 1  
  64  6:21  Zerg Melee Weapons Level 1  
  64  6:23  Hydralisk  
  64  6:24  Hydralisk x2  
  70  6:27  Baneling x2  
  70  6:28  Baneling x3  
  70  6:31  Drone  
  71  6:36  Overlord  
  71  6:38  Overlord  
  71  6:41  Overlord  
  71  6:43  Drone x3  
  71  6:44  Drone x3  
  71  6:46  Drone x2  
  79  6:48  Drone  
  80  6:57  Grooved Spines  
  71  7:13  Hydralisk  
  71  7:14  Hydralisk x8  
  83  7:19  Zergling x8  
  83  7:20  Zergling x2  
  82  7:29  Hydralisk  
  81  7:30  Hydralisk x3  
  62  7:54  Drone x9  
  62  7:57  Queen  
  71  8:03  Drone x3  
  74  8:11  Drone, Lurker Den  
  74  8:17  Drone x4  
  78  8:21  Extractor  
  78  8:23  Hatchery  
  76  8:29  Overseer  
  76  8:38  Extractor  
Show
View Real Time Build Order
Export as new Build Order

IronCmdr Terran - Winner!

Build Orders:  

Get SALT Encoding   

  12  0:00  SCV  
  13  0:12  SCV  
  14  0:21  Supply Depot  
  14  0:24  SCV  
  15  0:43  SCV  
  15  0:45  Refinery  
  15  0:46  Barracks  
  16  0:55  SCV  
  17  0:59  Barracks  
  17  1:07  SCV  
  18  1:19  SCV  
  19  1:33  Orbital Command  
  19  1:34  Reaper  
  21  1:47  Reaper  
  21  1:58  Command Center  
  21  2:02  SCV  
  21  2:06  Reaper  
  23  2:16  Refinery  
  23  2:20  Supply Depot  
  23  2:21  Barracks Tech Lab  
  23  2:42  SCV  
  24  2:48  Supply Depot  
  24  2:49  Stimpack  
  24  2:52  Marine x2  
  24  2:54  SCV  
  27  3:09  SCV  
  27  3:10  Orbital Command  
  27  3:11  Marine  
  30  3:14  Factory  
  29  3:20  Barracks Reactor  
  29  3:23  Supply Depot  
  29  3:24  SCV  
  30  3:38  Marine, SCV x2  
  32  3:46  Barracks  
  32  3:54  SCV x2  
  33  4:07  Bunker  
  33  4:08  SCV  
  33  4:09  SCV  
  34  4:11  Marine x3  
  34  4:14  Factory Reactor  
  37  4:20  Supply Depot  
  37  4:24  SCV x2  
  39  4:31  Starport  
  39  4:33  Marine x3  
  39  4:34  Marine  
  43  4:41  SCV x2  
  43  4:42  Refinery  
  45  4:53  Barracks Reactor  
  45  4:56  SCV x2  
  45  4:57  Combat Shield  
  45  4:58  Marine x2  
  45  4:59  Marine  
  50  5:08  SCV  
  50  5:12  SCV  
  52  5:16  Marine, Factory Tech Lab  
  52  5:19  Engineering Bay  
  52  5:20  Command Center, SCV  
  54  5:21  Medivac x2  
  54  5:25  SCV  
  54  5:28  Marine x2  
  59  5:34  SCV  
  59  5:35  Marine x3  
  65  5:45  SCV  
  65  5:46  Marine, Reaper  
  68  5:52  Marine, Siege Tank  
  68  5:53  Refinery, Terran Infantry Weapons Level 1  
  68  5:55  Engineering Bay, SCV  
  73  6:03  Marine x2  
  75  6:11  Marine  
  75  6:12  Medivac  
  78  6:30  Marine x4, Siege Tank, Medivac  
  78  6:31  Supply Depot, Terran Infantry Armor Level 1  
  87  6:40  SCV x2  
  87  6:41  Marine  
  90  6:47  Marine x2  
  90  6:51  Marine x2  
  90  6:52  SCV  
  90  6:53  SCV  
  90  7:13  Marine x4  
  90  7:14  Siege Tank, Medivac x2  
  99  7:23  Marine  
  99  7:24  SCV x2  
  99  7:28  Barracks  
  102  7:31  Barracks, Marine  
  98  7:45  Marine x4  
  98  7:48  Marine  
  103  7:54  SCV x2  
  103  7:55  Orbital Command  
  98  8:03  Marine x2  
  100  8:06  Marine x3  
  103  8:17  Barracks Reactor  
  103  8:18  Barracks Reactor  
  103  8:25  SCV x2  
  105  8:30  SCV  
  106  8:36  Armory  
Tags
 
Matchup
TvZ
Opening
Pool First
Replay Pack
Multiplayer
Spawn Locations
Cross Positions
Add a new tag
Caveats
  • Supply blocks, unpowered buildings, or Contaminate may cause inaccurate times.
  • Supply counts are checked every 10 seconds.